 Dungeon Crawl Stone Soup version 0.19.1-1-g22dce08 (webtiles) character file.

119 Mefis the Magician (level 4, -4/25 HPs)
             Began as a Deep Elf Wizard on Jan 1, 2017.
             Killed from afar by Vajrapani's ghost (7 damage)
             ... with a magic dart
             ... on level 3 of the Dungeon.
             The game lasted 00:05:22 (2588 turns).

Mefis the Magician (Deep Elf Wizard)                Turns: 2588, Time: 00:05:23

Health: -4/25      AC:  3    Str:  4    XL:     4   Next: 73%
Magic:  8/13       EV: 13    Int: 24    God:
Gold:   125        SH:  0    Dex: 13    Spells: 6 memorised, 1 level left

rFire  . . .     SeeInvis .     m - +0 spear
rCold  . . .     Gourm    .     a - +0 robe
rNeg   . . .     Faith    .     (no shield)
rPois  .         Spirit   .     b - +0 hat
rElec  .         Reflect  .     (no cloak)
rCorr  .         Harm     .     t - +0 pair of gloves
MR     .....                    (no boots)
Stlth  ++........               (no amulet)
                                (no ring)
                                (no ring)

@: no status effects
A: no striking features
a: no special abilities


You were on level 3 of the Dungeon.
You were hungry.

You visited 1 branch of the dungeon, and saw 3 of its levels.

You collected 125 gold pieces.

Inventory:

Hand Weapons
 l - a +0 short sword
 m - a +0 spear (weapon)
 s - a +3 dagger
Armour
 a - a +0 robe (worn)
 b - a +0 hat (worn)
 t - a +0 pair of gloves (worn)
Scrolls
 h - 2 scrolls of identify {unknown}
 k - a scroll of random uselessness {unknown}
 p - a scroll of amnesia {unknown}
 q - 2 scrolls of teleportation {unknown}
Potions
 e - a potion of invisibility {unknown}
 g - 2 potions of agility {unknown}
 n - 2 potions of lignification {unknown}
 o - a potion of curing {unknown}
 r - a potion of cancellation {unknown}
 u - 2 potions of berserk rage {unknown}
Books
 c - a book of Minor Magic

   Spells                             Type                      Level
   a - Magic Dart                     Conjuration                  1
   b - Blink                          Translocation                2
   c - Call Imp                       Summoning                    2
   d - Repel Missiles                 Charms/Air                   2
   e - Slow                           Hexes                        2
   f - Conjure Flame                  Conjuration/Fire             3
   g - Mephitic Cloud                 Conjuration/Poison/Air       3
Comestibles
 d - 3 bread rations
 f - 2 beef jerkies
 i - 2 meat rations
 j - 2 fruits


   Skills:
 + Level 1.1 Fighting
 + Level 3.3 Dodging
 + Level 3.2 Stealth
 * Level 5.5 Spellcasting
 + Level 2.1 Conjurations
 - Level 1.1 Summonings
 - Level 1.1 Translocations
 + Level 0.2 Air Magic
 + Level 0.9 Poison Magic


You had one spell level left.
You knew the following spells:

 Your Spells              Type           Power        Failure   Level  Hunger
a - Magic Dart            Conj           ###.         3%          1    None
b - Call Imp              Summ           ##......     12%         2    None
c - Blink                 Tloc           N/A          12%         2    None
d - Repel Missiles        Chrm/Air       #.....       14%         2    None
e - Mephitic Cloud        Conj/Pois/Air  ##......     21%         3    #......
f - Conjure Flame         Conj/Fire      ##......     21%         3    #......


Dungeon Overview and Level Annotations

Branches:
Dungeon (3/15)

Altars:

Annotations:
D:3 Vajrapani's ghost, novice HuWz


Message History

Vajrapani's ghost hits you.
You are engulfed in noxious fumes.
Found a bread ration.
Vajrapani's ghost casts a spell at you.
The ball explodes into a vile cloud!
The stinking cloud engulfs you!
You're standing in a cloud of noxious fumes!
You feel less confused. Vajrapani's ghost casts a spell at you.
The ball explodes into a vile cloud!
The stinking cloud engulfs you!
The stinking cloud engulfs Vajrapani's ghost.
Vajrapani's ghost appears unharmed.
You hear a shout!
A kobold comes into view. It is wielding a short sword.
The kobold hits you with a short sword.
* * * LOW HITPOINT WARNING * * *
The kobold barely misses you.
Vajrapani's ghost whispers, "It is all a dream - a grotesque and foolish dream."
Vajrapani's ghost casts a spell at you. The magic dart hits you!
You die...

### #.# ..# # #.#
#.#######.#
###.#.....%.#
#........rg.#
#.#.#W#####.##.###
#..(.@.<.........
#.##.##.#.##.####
#.....rg#.# #
#.#..##.#.#
#.......#.#
.#..####.# #.#...
... # #.## ##


You could see Vajrapani's ghost.

Vanquished Creatures
  A gnoll (D:1)
  5 adders (D:2)
  5 dart slugs
  A worm (D:2)
  A leopard gecko (D:1)
  5 bats (D:1)
  4 giant cockroaches
  5 goblins
  7 hobgoblins
  2 jackals (D:1)
  A quokka (D:2)
  A ball python (D:1)
  3 frilled lizards
  4 kobolds
  9 rats
54 creatures vanquished.

Notes
Turn   | Place    | Note
-------+----------+-------------------------------------------
     0 | D:1      | Mefis the Deep Elf Wizard began the quest for the Orb.
     0 | D:1      | Reached XP level 1. HP: 10/10 MP: 7/7
   280 | D:1      | Reached XP level 2. HP: 16/16 MP: 0/9
   721 | D:1      | Reached XP level 3. HP: 15/20 MP: 1/11
   794 | D:1      | Learned a level 2 spell: Call Imp
   797 | D:1      | Learned a level 2 spell: Blink
   800 | D:1      | Learned a level 2 spell: Repel Missiles
   800 | D:1      | Reached skill level 1 in Fighting
   805 | D:1      | Learned a level 3 spell: Mephitic Cloud
  1252 | D:1      | Reached skill level 5 in Spellcasting
  2048 | D:2      | Reached XP level 4. HP: 21/25 MP: 7/13
  2097 | D:2      | Learned a level 3 spell: Conjure Flame
  2569 | D:3      | Noticed Vajrapani's ghost (novice HuWz)
  2588 | D:3      | Killed from afar by Vajrapani's ghost

Skill      XL: |  1  2  3  4 |
---------------+-------------+-----
Fighting       | 1 |  1.1
Spellcasting   | 5 |  5.5
Stealth        | 3 |  3.2
Dodging        | 3 |  3.3
Conjurations   | 2 |  2.1
Summonings     | |  1.1
Translocations | |  1.1
Air Magic      | |  0.2
Poison Magic   | |  0.9

Action                   |  1- 3 |  4- 6 || total
-------------------------+-------+-------++-------
Melee: Unarmed           |    23 |       ||    23
       Spear             |     4 |     1 ||     5
 Cast: Magic Dart        |   125 |    32 ||   157
 Stab: Sleeping          |     1 |       ||     1
  Eat: Chunk             |     3 |     1 ||     4
Armor: Robe              |     5 |     1 ||     6
Dodge: Dodged            |    24 |     5 ||    29
